 Dungeon Crawl Stone Soup version 0.28.0-47-ge53b351184 (webtiles) character file.

Game seed: 5274937456470044947

15180 croobank the Arsonist (level 11, 0/94 HPs)
             Began as a Green Draconian Fire Elementalist on May 9, 2022.
             Was an Initiate of Gozag.
             Slain by a seven-headed hydra (5 damage)
             ... on level 1 of the Lair of Beasts.
             The game lasted 01:15:39 (19420 turns).

croobank the Arsonist (DrFE)                       Turns: 19420, Time: 01:15:40

Health: 0/94       AC: 11    Str: 15    XL:     11   Next: 98%
Magic:  22/22      EV: 14    Int: 17    God:    Gozag
Gold:   1267       SH:  0    Dex: 12    Spells: 7/24 levels left

rFire   . . .      SeeInvis .   Q - +2 great mace (holy)
rCold   + . .      Faith    .   (shield currently unavailable)
rNeg    . . .      Spirit   .   (armour unavailable)
rPois   +          Reflect  .   (helmet restricted)
rElec   +          Harm     .   G - +0 cloak {rPois}
rCorr   +          Rampage  .   (no gloves)
Will    .....                   O - +2 pair of boots
Stlth   ++++......              (no amulet)
HPRegen 0.25/turn               l - ring "Qeitron" {rElec rCorr Str+4 Int-2}
MPRegen 0.18/turn               z - ring of protection from cold

@: mighty, brilliant, about to teleport, on berserk cooldown, slowed, very slow
A: breathe noxious fumes, AC +7, unfitting armour, poison resistance,
cold-blooded
a: Breathe Noxious Fumes, Renounce Religion, Potion Petition, Call Merchant,
Bribe Branch


You were on level 1 of the Lair of Beasts.
You worshipped Gozag.
Gozag was most pleased with you.
You visited 4 branches of the dungeon, and saw 15 of its levels.

You collected 2114 gold pieces.
You spent 297 gold pieces at shops.
You paid 550 gold pieces to Gozag.

Inventory:

Hand Weapons
 a - a +3 flail
 j - a +3 vampiric spear
 k - a +0 short sword of distortion
 m - a +3 dagger of venom
 o - a +1 morningstar
 t - a +0 flail
 x - a +2 mace of holy wrath
 y - a +3 falchion
 C - a +0 broad axe
 E - a +0 long sword
 L - the +2 short sword of Mourning {drain, rPois rN+ Str+2 Int-3}
   (You found it on level 8 of the Dungeon)

   A truly terrible weapon, it drains the life of any living foe it strikes.
   Str:       It affects your strength (+2).
   Int:       It affects your intelligence (-3).
   rPois:     It protects you from poison.
   rN:        It protects you from negative energy.
 Q - a +2 great mace of holy wrath (weapon)
Missiles
 d - 204 stones
 i - 5 boomerangs of dispersal
 n - 159 arrows
 u - 118 sling bullets
 w - 6 atropa-tipped darts (quivered)
 D - 47 bolts
 M - 19 poisoned darts
 N - 4 curare-tipped darts
Armour
 G - a +0 cloak of poison resistance (worn)
 O - a +2 pair of boots (worn)
Magical Staves
 p - a staff of earth
 v - a staff of cold
Jewellery
 l - the ring "Qeitron" (left hand) {rElec rCorr Str+4 Int-2}
   (You acquired it on level 3 of the Dungeon)

   [ring of resist corrosion]

   Str:       It affects your strength (+4).
   Int:       It affects your intelligence (-2).
   rElec:     It insulates you from electricity.
   rCorr:     It protects you from acid and corrosion.
 z - a ring of protection from cold (right hand)
 P - a ring of willpower
Wands
 c - a wand of flame (19)
 r - a wand of digging (4)
 K - a wand of iceblast (7)
Scrolls
 h - 3 scrolls of teleportation
 A - a scroll of fog
 B - 2 scrolls of amnesia
Potions
 b - a potion of heal wounds
 e - 5 potions of curing
 f - a potion of cancellation
 g - 2 potions of flight
 q - 2 potions of invisibility
 s - a potion of lignification {unknown}
 F - a potion of might {unknown}
 H - a potion of ambrosia {unknown}
 I - 3 potions of brilliance
 J - a potion of magic {unknown}


   Skills:
 + Level 8.0 Fighting
 + Level 3.7 Axes
 + Level 7.3 Dodging
 + Level 8.0 Stealth
 + Level 7.4 Spellcasting
 + Level 7.9 Conjurations
 + Level 3.2 Hexes
 + Level 8.3 Fire Magic


You had 7 spell levels left.
You knew the following spells:

 Your Spells              Type           Power      Damage    Failure   Level
a - Foxfire               Conj/Fire      100%       2x1d9     1%          1
b - Scorch                Fire           100%       2d10      1%          2
c - Flame Wave            Conj/Fire      50%        2d10      3%          4
d - Confusing Touch       Hex            26%        N/A       9%          3
e - Sticky Flame          Conj/Fire      50%        2d7       3%          4
f - Stone Arrow           Conj/Erth      58%        3d10      7%          3

Your spell library contained the following spells:

 Spells                   Type           Power      Damage    Failure   Level
 Conjure Flame            Conj/Fire      50%        6-21      1%          3
 Static Discharge         Conj/Air       29%        N/A       3%          2
 Inner Flame              Hex/Fire       39%        N/A       3%          3
 Sandblast                Erth           18%        2d7       11%         1
 Passwall                 Tmut/Erth      7%         N/A       17%         2
 Dispel Undead            Necr           9%         3d8       73%         4
 Yara's Violent Unravell  Hex/Tmut       8%         3d5       85%         5
 Enfeeble                 Hex            13%        N/A       100%        7


Dungeon Overview and Level Annotations

Branches:
Dungeon (12/15)            Temple (1/1) D:5            Lair (1/6) D:9
    Orc (1/2) D:10

Altars:
Ashenzari
Cheibriados
Gozag
Kikubaaqudgha
Makhleb
Nemelex Xobeh
Qazlal
Ru
Trog
Uskayaw
Wu Jian
Xom
Yredelemnul
Beogh

Shops:
D:4 *   D:5 [   D:9 [?(!   D:11 [   Orc:1 ?


Innate Abilities, Weirdness & Mutations

You can breathe blasts of noxious fumes.
Your lurid green scales are hard. (AC +7)
You cannot fit into any form of body armour.
Your system is resistant to poisons. (rPois)
You are cold-blooded and may be slowed by cold attacks.


Message History

A red film seems to cover your vision as you go berserk!
You feel yourself moving faster!
You feel mighty!
You feel very mighty all of a sudden.
You feel clever all of a sudden.
The seven-headed hydra bites you but does no damage.
The seven-headed hydra bites you!
The seven-headed hydra closely misses you.
The seven-headed hydra bites you!
The seven-headed hydra bites you but does no damage.
The seven-headed hydra bites you. x2
You barely miss the seven-headed hydra. You tail-slap the seven-headed hydra!
The seven-headed hydra is lightly wounded.
The seven-headed hydra bites you! The seven-headed hydra bites you.
The seven-headed hydra misses you. The seven-headed hydra bites you!
* * * LOW HITPOINT WARNING * * *
The seven-headed hydra bites you.
* * * LOW HITPOINT WARNING * * *
The seven-headed hydra bites you.
* * * LOW HITPOINT WARNING * * *
The seven-headed hydra bites you!
* * * LOW HITPOINT WARNING * * *
The seven-headed hydra is no longer more vulnerable to fire.
You feel a strong urge to attack something.
Okay, then.
You feel your anger nearly subside.
You are no longer berserk.
You are exhausted.
You feel yourself slow down.
As you read the scroll of teleportation, it crumbles to dust.
You feel strangely unstable.
You have got your breath back.
The seven-headed hydra bites you!
* * * LOW HITPOINT WARNING * * *
The seven-headed hydra barely misses you.
The seven-headed hydra bites you but does no damage.
The seven-headed hydra closely misses you.
The seven-headed hydra barely misses you.
The seven-headed hydra bites you.
* * * LOW HITPOINT WARNING * * *
The seven-headed hydra bites you.
You die...
Your body crumbles into a pile of gold.

##########
#........###.
#...@....+...
##...D.....#
#.........##
#..+........#
..
#........## .
#....<....#
#.........##
##........#
###+.P####


You could see a seven-headed hydra.

Vanquished Creatures
  5 two-headed ogres
  An orc high priest (Orc:1)
  Sonja (D:11)
  3 centaur zombies
  Maurice (D:11)
  A cyclops (D:12)
  A manticore (D:11)
  A gargoyle (D:11)
  2 komodo dragons
  5 trolls
  A hornet (D:8)
  6 yaks
  A shadow (D:8)
  A vampire (D:12)
  A wyvern (D:9)
  A wraith (D:10)
  3 vampire mosquitoes
  2 steam dragons
  3 water moccasins
  11 orc warriors
  2 necrophages
  7 ogres
  4 centaurs
  A phantom (D:5)
  3 kobold brigands
  Blork the orc (D:4)
  2 bullfrogs
  2 scorpions
  5 gnoll sergeants
  A wyvern zombie (D:5)
  3 killer bees (D:10)
  A water moccasin skeleton (D:7)
  3 wights (D:8)
  5 howler monkeys
  2 jellies
  A hound (D:3)
  7 orc priests
  A centaur skeleton (D:7)
  A gnoll shaman (D:7)
  2 bullfrog skeletons
  8 orc wizards
  An iguana (D:6)
  A killer bee zombie (D:8)
  A hound skeleton (D:4)
  Robin (D:4)
  16 gnolls
  A howler monkey skeleton (D:5)
  5 adders
  A shadow imp (D:8)
  2 white imps
  An ufetubus (D:5)
  An adder skeleton (D:4)
  2 worms
  40 orcs
  14 endoplasms
  4 giant cockroaches
  16 goblins
  11 hobgoblins
  4 jackals
  4 quokkas
  5 ball pythons
  3 bats
  A frilled lizard (D:3)
  21 kobolds
  2 rats
271 creatures vanquished.

Vanquished Creatures (others)
  2 orc warriors (D:8)
  A kobold brigand (D:8)
  An orc wizard (D:8)
  337 foxfires
  11 fungi (D:2)
  7 plants (D:9)
  5 toadstools (D:2)
364 creatures vanquished.

Grand Total: 635 creatures vanquished

Notes
Turn   | Place    | Note
-------+----------+-------------------------------------------
     0 | D:1      | croobank the Draconian Fire Elementalist began the quest
                  | for the Orb.
     0 | D:1      | Reached XP level 1. HP: 14/14 MP: 3/3
   408 | D:1      | Reached XP level 2. HP: 20/20 MP: 1/5
   411 | D:1      | Learned a level 2 spell: Scorch
  1230 | D:2      | Reached XP level 3. HP: 26/26 MP: 1/6
  1335 | D:2      | Noticed a great orb of eyes
  1337 | D:2      | Found a faded altar of an unknown god.
  1340 | D:2      | Noticed an eye of devastation
  1350 | D:2      | Noticed a golden eye
  1588 | D:2      | Reached XP level 4. HP: 33/33 MP: 0/7
  2158 | D:2      | Noticed a floating eye
  2505 | D:3      | HP: 1/33 [white imp (4)]
  2682 | D:3      | Identified a scroll of acquirement
  2682 | D:3      | Acquired the ring "Qeitron" {rElec rCorr Str+4 Int-2}
  2912 | D:3      | Found a stormy altar of Qazlal.
  2924 | D:3      | Reached XP level 5. HP: 37/38 MP: 5/9
  3165 | D:4      | Noticed Robin
  3325 | D:4      | Killed Robin
  3442 | D:4      | Found Sadd's Elemental Accessories.
  3917 | D:4      | Learned a level 4 spell: Flame Wave
  3927 | D:4      | Noticed Blork the orc
  3933 | D:4      | Killed Blork the orc
  3934 | D:4      | Reached XP level 6. HP: 46/46 MP: 0/10
  4413 | D:4      | Noticed a steam dragon
  4566 | D:4      | Killed a steam dragon
  4567 | D:4      | Reached skill level 1 in Fighting
  5238 | D:5      | Entered Level 5 of the Dungeon
  5283 | D:5      | Your scales start taking on a lurid green colour.
  5283 | D:5      | Reached XP level 7. HP: 52/52 MP: 6/12
  5283 | D:5      | Gained mutation: Your system is resistant to poisons.
                  | (rPois) [Green Draconian growth]
  5295 | D:5      | Noticed a yak
  5296 | D:5      | Noticed a yak
  5422 | D:5      | Noticed a yak
  5424 | D:5      | Noticed a yak
  5433 | D:4      | Killed a yak
  5522 | D:5      | Noticed a yak
  5532 | D:4      | Killed a yak
  5533 | D:4      | Reached XP level 8. HP: 50/62 MP: 1/13
  5637 | D:4      | Reached skill level 5 in Fire Magic
  5809 | D:5      | Found Plog's Armour Shop.
  5840 | D:5      | Learned a level 3 spell: Confusing Touch
  6013 | D:5      | Found a staircase to the Ecumenical Temple.
  6039 | Temple   | Entered the Ecumenical Temple
  6064 | Temple   | Became a worshipper of Gozag Ym Sagoz the Greedy
  6607 | D:5      | HP: 1/63 [yak (12)]
  6922 | D:4      | Learned a level 4 spell: Sticky Flame
  7374 | D:5      | Reached skill level 5 in Stealth
  7640 | D:6      | You fall into a shaft and drop 1 floor!
  7705 | D:7      | Reached XP level 9. HP: 65/71 MP: 10/16
  7840 | D:7      | Reached skill level 5 in Conjurations
  7855 | D:7      | Reached skill level 5 in Spellcasting
  8157 | D:8      | Noticed a two-headed ogre
  8730 | D:7      | Reached skill level 5 in Dodging
  9452 | D:8      | Identified the +2 short sword of Mourning {drain, rPois rN+
                  | Str+2 Int-3}
  9488 | D:8      | Found a broken altar of Ashenzari.
  9490 | D:8      | Reached skill level 5 in Fighting
 10150 | D:8      | Killed a two-headed ogre
 10151 | D:8      | Reached XP level 10. HP: 83/83 MP: 7/18
 10228 | D:8      | Found a shimmering altar of Xom.
 10798 | D:9      | Found an ancient bone altar of Kikubaaqudgha.
 10798 | D:9      | Found a sacrificial altar of Ru.
 10905 | D:9      | Noticed a two-headed ogre
 10912 | D:9      | Killed a two-headed ogre
 11243 | D:9      | Found Hemiaqe's Distillery.
 11365 | D:9      | Found a staircase to the Lair.
 11514 | D:9      | Found Igeeqoni's Antique Armour Shoppe.
 11547 | D:9      | Found Faifuepn's Magic Scroll Shoppe.
 11857 | D:9      | Bought a scroll of identify for 26 gold pieces
 11857 | D:9      | Bought a scroll of enchant weapon for 97 gold pieces
 11863 | D:9      | Found Liplaege's Antique Weapon Emporium.
 12406 | D:9      | Learned a level 3 spell: Stone Arrow
 12426 | D:10     | Entered Level 10 of the Dungeon
 12555 | Lair:1   | Entered Level 1 of the Lair of Beasts
 12555 | Lair:1   | Noticed a seven-headed hydra
 13199 | D:10     | Reached skill level 1 in Axes
 13378 | D:10     | Reached skill level 1 in Hexes
 13641 | D:10     | Noticed a two-headed ogre
 13651 | D:10     | Killed a two-headed ogre
 13652 | D:10     | Reached XP level 11. HP: 92/92 MP: 8/21
 13794 | D:10     | Found a staircase to the Orcish Mines.
 15551 | D:11     | Noticed a two-headed ogre
 15561 | D:11     | Killed a two-headed ogre
 15777 | D:11     | Noticed Maurice
 15794 | D:11     | Killed Maurice
 16391 | D:11     | Noticed Sonja
 16400 | D:11     | Killed Sonja
 16432 | D:11     | Found Gugy's Armour Emporium.
 17258 | D:12     | Noticed a two-headed ogre
 17305 | D:12     | Killed a two-headed ogre
 17582 | D:12     | Noticed a deep elf pyromancer
 17677 | Orc:1    | Entered Level 1 of the Orcish Mines
 17692 | Orc:1    | Found Gatsidd's Magic Scroll Shop.
 17702 | Orc:1    | Bought a scroll of fear for 42 gold pieces
 17702 | Orc:1    | Bought a scroll of teleportation for 36 gold pieces
 17702 | Orc:1    | Bought a scroll of teleportation for 36 gold pieces
 17702 | Orc:1    | Bought a scroll of teleportation for 36 gold pieces
 17702 | Orc:1    | Bought a scroll of identify for 24 gold pieces
 18602 | Orc:1    | Noticed an orc high priest
 18610 | Orc:1    | Killed an orc high priest
 18919 | Orc:1    | Noticed an orc knight
 19061 | Orc:1    | Noticed an orc knight
 19068 | Orc:1    | HP: 2/94 [orc knight/bolt (13)]
 19420 | Lair:1   | Slain by a seven-headed hydra

Illustrated notes

Levels and vault maps discovered:
D:1:      dpeg_arrival_ternary, layout_basic, st_stairs_14
D:2:      cheibrodos_fertilizer, layout_basic,
          hellmonk_ecumenical_altar_watching_god
D:3:      layout_basic, nicolae_qazlal_scattered_showers,
          minmay_fractal_squares_5
D:4:      layout_loops_ring, nicolae_elemental_shop, kennysheep_generic_room_2,
          uniq_blork_the_orc, uniq_robin
D:5:      layout_loops_ring, minmay_temple_entry_large_hall, serial_shops, shop,
          wad_floor_pattern_untrapped, minivault_23
D:6:      kennysheep_kobold_camp, layout_cave_pools, vehumet_statue,
          serial_shops, nicolae_shop_hallway_plus, nrook_pool_corridor,
          sigmund_army, uniq_eustachio
D:7:      layout_basic
D:8:      layout_basic, xom_confusion_cloud,
          mainiacjoe_overflow_concentric_impassable
D:9:      layout_grid_maze, chequers_temple_overflow_statue_of_worship,
          david_lair_shrubbed, serial_shops, nicolae_shop_advertising_works
          [nicolae_subvault_shop_adworks], shop, nicolae_shop_statue_plus, shop,
          special_room [special_room_orc], chequers_serial_rivers_small_b,
          hangedman_abyss_or_decor_stagger
D:10:     layout_cave_pods, kennysheep_orc_monster_closet_entryway
D:11:     layout_cave_pods, serial_shops, shop, gauntlet_entry_generic,
          uniq_maurice, uniq_sonja
D:12:     layout_irregular_city
Temple:   eino_temple_scatter_basement
Lair:1:   layout_roguey, basic_altar
Orc:1:    layout_diamond_mine, serial_shops, shop

Skill      XL: |  1  2  3  4  5  6  7  8  9 10 11 |
---------------+----------------------------------+-----
Stealth        | 2 3 4 5 6 7 8 |  8.0
Dodging        | 2 3 4 5 6 7 |  7.3
Conjurations   | 2 3 4 6 7 |  7.9
Spellcasting   | 3 4 5 6 7 |  7.4
Fire Magic     | 4 5 6 7 8 |  8.3
Fighting       | 1 2 4 5 7 8 |  8.0
Axes           | 1 3 |  3.7
Hexes          | 1 3 |  3.2

Action                   |  1- 3 |  4- 6 |  7- 9 | 10-12 || total
-------------------------+-------+-------+-------+-------++-------
Melee: Unarmed           |    23 |       |       |       ||    23
       Tailslap          |     3 |     8 |     8 |    20 ||    39
       Short sword       |     7 |    11 |    24 |    53 ||    95
       Dagger            |       |    49 |    21 |       ||    70
       Punch             |       |     1 |       |       ||     1
       Falchion          |       |       |    29 |       ||    29
       Great mace        |       |       |       |    27 ||    27
Throw: Dart              |       |       |       |     2 ||     2
       Boomerang         |       |       |       |     2 ||     2
       Stone             |       |       |       |     1 ||     1
 Cast: Foxfire           |    22 |    36 |    40 |   110 ||   208
       Scorch            |    16 |    58 |   117 |   228 ||   419
       Flame Wave        |       |       |     3 |     6 ||     9
       Stone Arrow       |       |       |       |     4 ||     4
       Confusing Touch   |       |       |       |     4 ||     4
       Sticky Flame      |       |       |       |     2 ||     2
Invok: Potion Petition   |       |       |       |     1 ||     1
 Abil: Breathe Noxious F |       |       |    18 |    30 ||    48
Evoke: Wand              |       |       |     1 |     9 ||    10
  Use: Scroll            |     2 |     9 |     4 |    13 ||    28
       Potion            |       |     3 |       |     3 ||     6
 Stab: Confused          |       |       |     2 |     2 ||     4
       Sleeping          |       |       |       |     1 ||     1
Armor: Skin              |    15 |    27 |    35 |    63 ||   140
Dodge: Dodged            |    25 |    59 |    69 |   192 ||   345
